Cogmind - Beta 15 @@@ ROGUE MODE // 2025.05.10 @ 22:24:45 Player: Skysub Result: Destroyed by H-71 Marshal with Heavy Mass Driver Performance ------------- Evolutions (6) 3000 Regions Visited (15) 3000 Robots Destroyed (35) 175 Value Destroyed (1476) 1476 Prototype IDs (47) 940 Alien Tech Used (2) 400 Bonus (1360) 1360 TOTAL SCORE: 10351 Bonus ------- Follower Combat Kills 80 Network Hubs Disabled 200 Registered with UFD 300 Met Optimus in HQ 500 Met Zhirov 300 Friendly Fire -20 Cogmind --------- Core Integrity 0/1150 Matter 218/300 Energy 148/150 System Corruption 18% Temperature Cool (69) Movement Hovering (120) Ox1 Location -4/Armory Parts ------- > --- POWER (3) -------- Micro Fission Core > --- PROPULSION (6) --- Antigrav System > --- UTILITY (8) ------ Improved Heat Sink Improved Targeting Computer Improved Targeting Computer Improved Melee Analysis Suite Improved Transmission Jammer Improved Hacking Suite A0-MCA's Component Scanner > --- WEAPON (2) ------- Wave Gun > --- INVENTORY (5) ---- Advanced Weight Redist. System Molecular Deconstructor Great Axe Peak State ------------ > --- POWER ------------ Light Quantum Reactor > --- PROPULSION ------- Nuclear Pulse Array Flightbrick > --- UTILITY ---------- Power Amplifier Enhanced Optical Array Experimental Sensor Array Advanced Signal Interpreter Makeshift ECM Suite Improved Shield Generator Hacking Suite Improved Hacking Suite System Shield A0-MCA's Component Scanner > --- WEAPON ----------- Overtuned Coil Gun Power Maul > --- INVENTORY -------- Xenon Bombardment Thruster Cooled Cesium-ion Thruster Improved Datajack Molecular Deconstructor [Rating: 121] Favorites ----------- Power Micro Nuclear Core Engine Light Ion Engine Power Core Micro Nuclear Core Reactor Light Quantum Reactor Propulsion Light Treads Treads Light Treads Leg Flexi-carbon Leg Wheel Wheel Hover Unit Antigrav System Flight Unit Flightbrick Utility Improved Terrain Scanner Device Improved Terrain Scanner Storage Large Storage Unit Processor A0-MCA's Component Scanner Hackware System Shield Weapon Assault Rifle Energy Gun Wave Gun Energy Cannon Disruptor Cannon Ballistic Gun Assault Rifle Launcher Grenade Launcher Impact Weapon Power Maul Slashing Weapon Great Axe Special Melee Weapon Improved Datajack Build | -11 -10 -10 -8 -6 -6 -6 -6 -6 -5 -5 -5 -5 -4 -4 -4 ------- Run | Yrd Mat Sub Scr Fac Ext Cet Arc Hub Fac Upp Upp Zhi Pro Fac Arm Slots Evolved 12 | . . . . 8 . . . . 2 . . . . 2 . Power 2 | . . . . 1 . . . . . . . . . 1 . Propulsion 4 | . . . . 2 . . . . 2 . . . . . . Utility 6 | . . . . 5 . . . . . . . . . 1 . Weapon . | . . . . . . . . . . . . . . . . Parts Attached 83 | 6 3 1 10 15 4 . . 1 7 . . 2 3 3 28 Power 13 | 1 . 1 3 1 . . . 1 1 . . . 1 . 4 Engine 6 | 1 . 1 2 1 . . . . 1 . . . . . . Core 5 | . . . 1 . . . . 1 . . . . . . 3 Reactor 2 | . . . . . . . . . . . . . 1 . 1 Propulsion 23 | 2 . . 4 1 . . . . 2 . . 2 . 2 10 Treads 7 | 2 . . . . . . . . . . . . . . 5 Leg 1 | . . . . . . . . . . . . . . . 1 Wheel 3 | . . . 3 . . . . . . . . . . . . Hover 5 | . . . . . . . . . . . . 2 . . 3 Flight 7 | . . . 1 1 . . . . 2 . . . . 2 1 Utility 33 | 1 2 . 1 11 4 . . . 3 . . . 1 1 9 Device 16 | . 1 . . 4 3 . . . 2 . . . 1 1 4 Storage 3 | 1 1 . 1 . . . . . . . . . . . . Processor 11 | . . . . 5 1 . . . . . . . . . 5 Hackware 3 | . . . . 2 . . . . 1 . . . . . . Protection . | . . . . . . . . . . . . . . . . Artifact . | . . . . . . . . . . . . . . . . Weapon 14 | 2 1 . 2 2 . . . . 1 . . . 1 . 5 Energy Gun 1 | . . . . . . . . . . . . . . . 1 Energy Cannon 1 | . . . . . . . . . 1 . . . . . . Ballistic Gun 4 | 2 . . . 1 . . . . . . . . . . 1 Ballistic Cannon . | . . . . . . . . . . . . . . . . Launcher 5 | . 1 . 2 . . . . . . . . . . . 2 Special Weapon . | . . . . . . . . . . . . . . . . Impact Weapon 1 | . . . . 1 . . . . . . . . . . . Slashing Weapon 1 | . . . . . . . . . . . . . . . 1 Piercing Weapon . | . . . . . . . . . . . . . . . . Special Melee Weapon 1 | . . . . . . . . . . . . . 1 . . Unidentified Prototypes 3 | . . . . 1 . . . . . . . 2 . . . Parts Lost 41 | . . 2 . . 4 1 1 1 . 1 . . 1 10 20 Power 9 | . . 2 . . . 1 1 . . . . . 1 1 3 Propulsion 13 | . . . . . . . . . . . . . . 4 9 Utility 14 | . . . . . 4 . . . . 1 . . . 3 6 Weapon 5 | . . . . . . . . 1 . . . . . 2 2 Highest Loss Streak 7 | . . 1 . . 2 1 2 1 . 1 . . 1 5 7 To Critical Strikes . | . . . . . . . . . . . . . . . . Average Backups 7 | 1 5 6 12 3 3 5 5 5 4 4 4 4 4 3 3 Power . | . 1 . . . . . . . . . . . . . . Propulsion 1 | 1 2 2 2 . 1 2 2 2 1 1 1 1 1 1 . Utility 2 | . 1 2 5 1 1 2 2 1 1 2 1 1 1 . . Weapon 2 | . 1 2 4 1 1 1 1 1 1 1 1 1 1 1 2 Tool/Special . | . . . . . . . . . . . . . . . . Unused Backups 17 | . . . 9 3 . . . . . . 3 . . . 2 Power . | . . . . . . . . . . . . . . . . Propulsion 1 | . . . . 1 . . . . . . . . . . . Utility 8 | . . . 6 . . . . . . . 1 . . . 1 Weapon 7 | . . . 3 1 . . . . . . 2 . . . 1 Tool/Special 1 | . . . . 1 . . . . . . . . . . . Average Slot Usage (%) 85 | . 99 95 92 71 76 75 68 67 82 84 84 82 81 59 57 Engine 7 | . 14 10 11 4 5 4 . . 4 5 5 5 2 . . Core 2 | . . . 1 5 5 5 3 3 5 5 5 5 2 . 1 Treads 8 | . 28 28 7 . . . . . . . . . . . 6 Wheel 4 | . . . 12 . . . . . . . . . . . . Flight 4 | . . . . 5 5 5 5 5 14 15 15 12 15 9 . Device 13 | . 9 14 14 17 13 17 17 17 20 15 15 14 15 17 8 Storage 8 | . 17 14 14 . . . . . . . . . . . . Processor 7 | . . . . 19 23 17 17 17 15 15 15 15 15 11 20 Hackware 4 | . . . . 5 11 11 11 11 10 15 15 15 15 11 5 Ballistic Gun 11 | . 27 14 14 5 5 5 2 . . 5 5 5 5 2 3 Launcher 5 | . . 14 14 . . . 2 4 . . . . . . 1 Impact Weapon 1 | . . . . 4 5 5 5 5 5 5 5 5 4 4 . Peak Build Rating 121 | 6 9 12 36 102 104 97 94 92 117 116 114 117 120 121 84 Average Rating 53 | 4 8 9 23 93 99 96 91 90 115 113 113 113 114 89 57 On Entrance 69 | . 6 9 12 25 102 97 94 88 89 116 114 114 114 115 22 Naked Turns . | . . . . . . . . . . . . . . . . Heaviest Build 60 | 11 31 29 60 25 24 21 17 18 31 33 33 33 33 37 38 Greatest Support 73 | 40 40 40 40 24 24 24 24 24 36 36 36 36 39 37 73 Greatest Overweight (x) 19 | . . . 19 1 . . . 5 . . . 10 1 . 1 Average Overweight (x) . | . . . 2 . . . . . . . . . . . . Largest Inventory Capacity 20 | 8 15 15 20 20 5 5 5 5 5 5 5 5 5 5 5 Average Capacity 11 | 7 14 15 17 5 5 5 5 5 5 5 5 5 5 5 5 Most Carried 20 | 4 7 11 20 20 5 5 5 5 5 5 5 5 5 5 5 Average Carried 9 | 1 5 7 16 5 4 5 5 4 4 4 4 5 5 4 4 Final Capacity 20 | 8 15 15 20 5 5 5 5 5 5 5 5 5 5 5 5 Final Carried 20 | 4 7 11 20 5 5 5 5 5 5 5 5 5 5 5 4 Class Distribution -------------------- 62% | Mutant 18% | Hacker-Ninja 11% | Hacker-Scout Dominant Class ---------------- Mutant | -10/Materials Mutant | -10/Subcaves Mutant | -8/Scraptown Derelict-Scout | -6/Factory Hacker-Scout | -6/Extension Hacker-Scout | -6/Cetus Hacker-Scout | -6/Archives Hacker-Scout | -6/Hub_04(d) Hacker-Scout | -5/Factory Hacker-Ninja | -5/Upper Caves Hacker-Ninja | -5/Upper Caves Hacker-Ninja | -5/Zhirov Hacker-Ninja | -4/Proximity Caves Hacker-Ninja | -4/Factory Mutant | -4/Armory Resources | -11 -10 -10 -8 -6 -6 -6 -6 -6 -5 -5 -5 -5 -4 -4 -4 ----------- Run | Yrd Mat Sub Scr Fac Ext Cet Arc Hub Fac Upp Upp Zhi Pro Fac Arm Matter Collected 1944 | 237 191 12 360 . 226 40 . 62 8 77 . . 124 . 607 Remotely . | . . . . . . . . . . . . . . . . Salvage Created 1351 | 20 319 167 . . 15 . . 72 8 . . . 26 . 724 Parts 74 | 3 17 10 . . 3 . . . . . . . 3 . 38 Haulers Intercepted 1 | . 1 . . . . . . . . . . . . . . Recyclers Shooed . | . . . . . . . . . . . . . . . . Parts Field Recycled . | . . . . . . . . . . . . . . . . Retrieved Matter . | . . . . . . . . . . . . . . . . Parts Self-Destructed 16 | . . . . . . . . . . . . . 16 . . Prevented . | . . . . . . . . . . . . . . . . Kills | -11 -10 -10 -8 -6 -6 -6 -6 -6 -5 -5 -5 -5 -4 -4 -4 ------- Run | Yrd Mat Sub Scr Fac Ext Cet Arc Hub Fac Upp Upp Zhi Pro Fac Arm Combat Hostiles Destroyed 26 | . 6 7 . . . . . 1 . . . . 2 . 10 Melee 3 | . . . . . . . . . . . . . 1 . 2 Guns 14 | . 6 1 . . . . . . . . . . 1 . 6 AOE 8 | . . 6 . . . . . 1 . . . . . . 1 Classes Destroyed 12 | 1 3 1 . . 2 . . . . . . . 2 . 3 Builder 1 | . . . . . 1 . . . . . . . . . . Tunneler 1 | 1 . . . . . . . . . . . . . . . Hauler 1 | . 1 . . . . . . . . . . . . . . Operator 2 | . 1 . . . . . . . 1 . . . . . . Drone 1 | . . . . . . . . . . . . . 1 . . Watcher 4 | . . . . . 1 . . 1 . . . . . . 2 Swarmer 1 | . . . . . . . . . . . . . 1 . . Saboteur 1 | . . . . . . . . . . . . . . . 1 Grunt 11 | . 6 . . . . . . 1 . . . . . . 4 Sentry 2 | . . . . . . . . . . . . . . . 2 Programmer 3 | . . . . . . . . . . . . . . . 3 Subdweller 7 | . . 7 . . . . . . . . . . . . . Best Kill Streak 4 | 1 2 4 . . 2 . . 1 1 . . . 1 . 4 Combat Bots Only 4 | . 2 4 . . . . . 1 . . . . 1 . 4 Max Kills in Single Turn 2 | 1 1 2 . . 2 . . 1 1 . . . 1 . 1 Gunslinging . | . . . . . . . . . . . . . . . . Exploded 2 | . . 2 . . . . . 1 . . . . . . 1 Melee 1 | . . . . . . . . . . . . . 1 . 1 Uniques/NPCs Destroyed . | . . . . . . . . . . . . . . . . Combat | -11 -10 -10 -8 -6 -6 -6 -6 -6 -5 -5 -5 -5 -4 -4 -4 -------- Run | Yrd Mat Sub Scr Fac Ext Cet Arc Hub Fac Upp Upp Zhi Pro Fac Arm Hostile Shots Fired 514 | . 39 31 . 9 56 42 26 24 . 20 . . 48 60 159 Missed 227 | . 12 12 . 5 26 26 16 14 . 14 . . 26 27 49 Hits 287 | . 27 19 . 4 30 16 10 10 . 6 . . 22 33 110 Projectile 287 | . 27 19 . 4 30 16 10 10 . 6 . . 22 33 110 AOE 7 | . . . . . . . . 1 . . . . . 6 . Critical Strikes 16 | . . 1 . . 1 . . 2 . . . . 2 1 9 Part Disruptions 2 | . . . . . . . . 1 . . . . . 1 . Damage Taken 6864 | . 325 492 . 26 795 412 240 381 . 106 . . 349 1037 2701 Core 1567 | . 66 143 . . 96 25 24 11 . . . . 45 485 672 Absorbed by Shields 132 | . . . . . . . . . . . . . . 49 83 Regen/Repaired (Parts) 35 | . . . . . . . . . 35 . . . . . . Core Remaining (%) 71 | 100 . . 16 . . . . 81 . . . . 87 . . Volleys Fired 172 | 1 42 17 . . 3 3 2 2 . . . . 11 . 91 Largest 2 | 2 2 2 . . 1 1 1 1 . . . . 1 . 2 Hottest 114 | 40 40 50 . . 36 32 36 36 . . . . 32 . 114 Shots Fired 240 | 2 80 31 . . 2 3 1 2 . . . . 7 . 112 Gun 210 | 2 76 14 . . 1 3 . . . . . . 7 . 107 Cannon . | . . . . . . . . . . . . . . . . Launcher 30 | . 4 17 . . 1 . 1 2 . . . . . . 5 Special . | . . . . . . . . . . . . . . . . Kinetic 188 | 2 76 14 . . 1 3 . . . . . . 7 . 85 Thermal 22 | . . . . . . . . . . . . . . . 22 Explosive 25 | . 4 17 . . 1 . 1 2 . . . . . . . Electromagnetic 5 | . . . . . . . . . . . . . . . 5 Robot Hit Streak 16 | 1 16 13 . . . . . 2 . . . . 3 . 14 Robot Miss Streak 8 | . 3 2 . . . 3 . . . . . . 6 . 8 Penetration Max 1 | . . . . . . . . . . . . . . . 1 Secondary Targets 1 | . 1 . . . . . . . . . . . . . . Max Gunslinging Chain 1 | . 1 . . . . . . . . . . . . . . Shots Hit Robots 166 | 1 54 25 . . . . . 5 1 . . . 3 . 77 Core Hits 66 | 1 17 12 . . 3 . . 5 . . . . 2 . 26 Critical Kills . | . . . . . . . . . . . . . . . . Critical Parts Destroyed 3 | . . . . . . . . . 1 . . . 1 . 1 Critical Strikes 5 | . . . . . . . . . 1 . . . 1 . 3 Destroy 2 | . . . . . . . . . . . . . . . 2 Smash 2 | . . . . . . . . . 1 . . . 1 . . Sever 1 | . . . . . . . . . . . . . . . 1 Melee Attacks 111 | . . . . 11 11 . 1 8 22 . 1 . 11 38 8 Impact 102 | . . . . 11 11 . 1 8 22 . 1 . 10 38 . Slashing 8 | . . . . . . . . . . . . . . . 8 Piercing . | . . . . . . . . . . . . . . . . Sneak Attacks 2 | . . . . . . . . 1 . . . . 1 . . Combat Hostiles . | . . . . . . . . . . . . . . . . Follow-up Attacks . | . . . . . . . . . . . . . . . . Damage Inflicted 4865 | 14 608 1212 . . 183 . 17 329 42 . . . 108 . 2352 Guns 2506 | 14 589 127 . . . . . . . . . . 51 . 1725 Cannons . | . . . . . . . . . . . . . . . . Explosions 1825 | . . 1085 . . 183 . 17 152 . . . . . . 388 Melee 513 | . . . . . . . . 177 42 . . . 57 . 237 Ramming 21 | . 19 . . . . . . . . . . . . . 2 Kinetic 2205 | 14 589 127 . . . . . . . . . . 51 . 1424 Thermal 484 | . . . . . 183 . . . . . . . . . 301 Explosive 1254 | . . 1085 . . . . 17 152 . . . . . . . Electromagnetic 388 | . . . . . . . . . . . . . . . 388 Impact 276 | . . . . . . . . 177 42 . . . 57 . . Slashing 237 | . . . . . . . . . . . . . . . 237 Piercing . | . . . . . . . . . . . . . . . . Highest Corruption 18 | . . . . . 8 7 7 7 . . . . . 6 18 Average Corruption 10 | . . . . . 7 7 7 7 . . . . . 5 13 Corruption Purged 1 | . . . . . 1 . . . . . . . . . . Corruption Blocked . | . . . . . . . . . . . . . . . . Effects 42 | . . . . . 5 3 2 3 . . . . . 1 28 Message Errors 9 | . . . . . . 1 1 2 . . . . . . 5 Matter Fused 7 | . . . . . 1 . . . . . . . . . 6 Heat Flow Errors 6 | . . . . . . 1 1 1 . . . . . . 3 Energy Discharges 7 | . . . . . 1 . . . . . . . . 1 5 Parts Rejected 3 | . . . . . 1 . . . . . . . . . 2 Data Loss (minor) 5 | . . . . . 2 . . . . . . . . . 3 Data Loss (major) 1 | . . . . . . 1 . . . . . . . . . Alerts 1 | . . . . . . . . . . . . . . . 1 Misdirections 1 | . . . . . . . . . . . . . . . 1 Weapon Failures 2 | . . . . . . . . . . . . . . . 2 Overload Shots . | . . . . . . . . . . . . . . . . Overflow Damage 130 | . . . . . 10 . . 21 42 . . . 57 . . Projectiles . | . . . . . . . . . . . . . . . . Explosions 10 | . . . . . 10 . . . . . . . . . . Melee 120 | . . . . . . . . 21 42 . . . 57 . . Knockbacks . | . . . . . . . . . . . . . . . . Impact . | . . . . . . . . . . . . . . . . Kinetic . | . . . . . . . . . . . . . . . . Secondary . | . . . . . . . . . . . . . . . . Self-Inflicted Damage 62 | . 8 54 . . . . . . . . . . . . . Shots 3 | . 1 2 . . . . . . . . . . . . . Rammed 4 | . 4 . . . . . . . . . . . . . . Targets Rammed 5 | . 4 . . . . . . . . . . . . . 1 Kicked . | . . . . . . . . . . . . . . . . Crushed 1 | . . . . . . . . . . . . . . . 1 Highest Temperature 241 | . 12 . . . 25 200 203 138 . 5 5 . 20 . 241 Average Temperature 60 | . 7 . . . 12 86 91 78 . 5 5 . 10 . 104 Received Heat Transfer 1208 | . 177 96 . 6 225 54 63 36 . . . . 94 117 340 Effects 1 | . . . . . . 1 . . . . . . . . . Energy Bleed 1 | . . . . . . 1 . . . . . . . . . Siege Activations . | . . . . . . . . . . . . . . . . Martial Activations . | . . . . . . . . . . . . . . . . Shielding Activations . | . . . . . . . . . . . . . . . . Robots Disrupted . | . . . . . . . . . . . . . . . . Combat Hostiles . | . . . . . . . . . . . . . . . . Robots Corrupted 2 | . . . . . . . . 1 . . . . . . 1 Combat Hostiles 1 | . . . . . . . . . . . . . . . 1 Parts Fried 7 | . . . . . . . . 2 2 . . . 1 . 2 Impact Corruptions 6 | . . . . . . . . 2 2 . . . 2 . . Robots Melted . | . . . . . . . . . . . . . . . . Combat Hostiles . | . . . . . . . . . . . . . . . . Parts Melted . | . . . . . . . . . . . . . . . . Heat Transferred 544 | . . . . . 100 . . . . . . . . . 444 Parts Sabotaged . | . . . . . . . . . . . . . . . . Parts Stolen . | . . . . . . . . . . . . . . . . Parts Stripped . | . . . . . . . . . . . . . . . . Power Chain Reactions . | . . . . . . . . . . . . . . . . Alert | -11 -10 -10 -8 -6 -6 -6 -6 -6 -5 -5 -5 -5 -4 -4 -4 ------- Run | Yrd Mat Sub Scr Fac Ext Cet Arc Hub Fac Upp Upp Zhi Pro Fac Arm Maximum Alert Level 3 | . . . . . 1 . . . . . . . . 3 1 Low Security (%) 73 | 100 100 . . 100 46 100 100 100 100 . . . . . 11 Level 1 19 | . . . . . 53 . . . . . . . . . 88 Level 2 2 | . . . . . . . . . . . . . . 29 . Level 3 5 | . . . . . . . . . . . . . . 70 . Level 4 . | . . . . . . . . . . . . . . . . Level 5 . | . . . . . . . . . . . . . . . . High Security . | . . . . . . . . . . . . . . . . Max Security . | . . . . . . . . . . . . . . . . Peak Influence 761 | 5 61 . . 16 289 149 81 124 94 . . . . 761 322 Initial 750 | . . . . . . 144 56 24 60 . . . . 750 322 Average 118 | . 7 . . 1 177 131 62 32 36 . . . . 712 235 Influence Increases 2259 | 5 178 . . 41 449 58 35 167 117 . . . 25 889 295 Destroy 0b10 Robot/C 440 | . 120 . . . 80 . . 20 . . . . 20 . 200 Destroy 0b10 Robot/NC 50 | 5 10 . . . 10 . . 5 5 . . . 5 . 10 Destroy Leader 100 | . 22 . . . 12 . . 12 . . . . . . 54 Allied During Kill 14 | . . . . . 14 . . . . . . . . . . Successful Hack 141 | . . . . 17 18 8 . 21 57 . . . . 10 10 Disable Machine 135 | . . . . 15 60 . 30 . 15 . . . . . 15 Destroy Structure 149 | . 11 . . 9 30 5 5 19 40 . . . . 24 6 Advance Influence 750 | . . . . . . . . . . . . . . 750 . Partial Spotted 60 | . . . . . . . . . . . . . . 60 . Lose Combat Pursuer 420 | . 15 . . . 225 45 . 90 . . . . . 45 . Influence Decreases 2128 | 5 121 57 . 41 190 175 106 114 239 2 . . 25 230 823 Entered New Map 679 | . . 28 . . . 115 86 47 64 2 . . . . 337 Time Decay 988 | 5 121 19 . 40 110 30 10 57 175 . . . 15 120 286 Lost Part 390 | . . 10 . . 40 10 10 10 . . . . 10 100 200 Lost Ally 71 | . . . . 1 40 20 . . . . . . . 10 . Squads Dispatched 21 | . 1 . . 1 3 1 . 5 5 . . . . 3 2 Investigation 12 | . 1 . . 1 2 1 . 2 4 . . . . 1 . Extermination 2 | . . . . . . . . . . . . . . 1 1 Reinforcement 7 | . . . . . 1 . . 3 1 . . . . 1 1 Assault . | . . . . . . . . . . . . . . . . Garrison . | . . . . . . . . . . . . . . . . Intercept . | . . . . . . . . . . . . . . . . Searches Triggered . | . . . . . . . . . . . . . . . . Construction Impeded . | . . . . . . . . . . . . . . . . Haulers Reinforced . | . . . . . . . . . . . . . . . . Active Scanning Responses . | . . . . . . . . . . . . . . . . Cargo Convoy Interrupts . | . . . . . . . . . . . . . . . . Stealth | -11 -10 -10 -8 -6 -6 -6 -6 -6 -5 -5 -5 -5 -4 -4 -4 --------- Run | Yrd Mat Sub Scr Fac Ext Cet Arc Hub Fac Upp Upp Zhi Pro Fac Arm Distress Signals 11 | . 1 . . . 3 . . 2 . . . . 3 . 2 Communications Jammed . | . . . . . . . . . . . . . . . . Distress Signals . | . . . . . . . . . . . . . . . . Times Spotted 148 | . 11 7 . 4 26 9 4 15 1 5 2 . 32 14 18 Peak Tracking Total 11 | . 4 4 . 2 9 6 4 11 1 5 3 . 9 10 4 Tactical Retreats 23 | . 1 . . . 4 2 . 2 . 4 1 . 7 2 . Traps | -11 -10 -10 -8 -6 -6 -6 -6 -6 -5 -5 -5 -5 -4 -4 -4 ------- Run | Yrd Mat Sub Scr Fac Ext Cet Arc Hub Fac Upp Upp Zhi Pro Fac Arm Traps Triggered 5 | . 1 . . . 3 . . . . . . . . . 1 Indirectly . | . . . . . . . . . . . . . . . . Trap Hack Attempts . | . . . . . . . . . . . . . . . . Triggered . | . . . . . . . . . . . . . . . . Disarmed . | . . . . . . . . . . . . . . . . Reprogrammed . | . . . . . . . . . . . . . . . . Reused . | . . . . . . . . . . . . . . . . Traps Extracted . | . . . . . . . . . . . . . . . . Installed . | . . . . . . . . . . . . . . . . Triggered . | . . . . . . . . . . . . . . . . Machines | -11 -10 -10 -8 -6 -6 -6 -6 -6 -5 -5 -5 -5 -4 -4 -4 ---------- Run | Yrd Mat Sub Scr Fac Ext Cet Arc Hub Fac Upp Upp Zhi Pro Fac Arm Machines Disabled 10 | . . . . 1 4 . 2 . 1 . 1 . . . 1 Max in Single Turn 2 | . . . . 1 2 . 2 . 1 . 1 . . . 1 Network Hub 1 | . . . . . . . . 1 . . . . . . . Energy Cycler 2 | . . . . . 2 . . . . . . . . . . Machines Repaired . | . . . . . . . . . . . . . . . . Machines Dismantled . | . . . . . . . . . . . . . . . . Machines Sabotaged . | . . . . . . . . . . . . . . . . Overloaded Fab Kills . | . . . . . . . . . . . . . . . . Hacking | -11 -10 -10 -8 -6 -6 -6 -6 -6 -5 -5 -5 -5 -4 -4 -4 --------- Run | Yrd Mat Sub Scr Fac Ext Cet Arc Hub Fac Upp Upp Zhi Pro Fac Arm Machines Accessed 37 | . 3 1 3 4 6 2 . 2 7 . . 5 . 2 2 Terminals 19 | . 2 . . 3 5 2 . 2 3 . . . . 1 1 Fabricators 2 | . . . . 1 . . . . . . . . . . 1 Repair Stations 1 | . . . . . . . . . 1 . . . . . . Recycling Units 6 | . 1 . . . 1 . . . 3 . . . . 1 . Scanalyzers . | . . . . . . . . . . . . . . . . Garrison Access . | . . . . . . . . . . . . . . . . Total Hacks 144 | . 6 4 23 21 16 4 . 7 26 . . 15 . 11 11 Successful 89 | . 2 4 23 9 8 2 . 2 14 . . 15 . 5 5 Failed 55 | . 4 . . 12 8 2 . 5 12 . . . . 6 6 Catastrophic 8 | . 1 . . 2 2 . . . 3 . . . . . . Database Lockouts . | . . . . . . . . . . . . . . . . Manual 54 | . 3 . . 14 3 2 . 7 13 . 1 . . 9 2 Terminals 74 | . 3 . . 17 11 4 . 7 16 . . . . 9 7 Fabricators 8 | . . . . 4 . . . . . . . . . . 4 Repair Stations 2 | . . . . . . . . . 2 . . . . . . Recycling Units 18 | . 3 . . . 5 . . . 8 . . . . 2 . Scanalyzers . | . . . . . . . . . . . . . . . . Garrison Access . | . . . . . . . . . . . . . . . . Terminal Hacks 63 | . . 4 23 6 5 2 . . 5 . . 15 . 1 2 Record 31 | . . 4 23 . . 1 . . . . . 3 . . . Part Schematic 5 | . . . . 1 . . . . . . . 4 . . . Robot Analysis 4 | . . . . . . . . . . . . 4 . . . Prototype ID Bank 6 | . . . . 1 1 . . . . . . 4 . . . Open Door 3 | . . . . . 2 1 . . . . . . . . . Level Access Points 1 | . . . . . . . . . 1 . . . . . . Branch Access Points 3 | . . . . 1 . . . . 1 . . . . . 1 Terminal Index 1 | . . . . 1 . . . . . . . . . . . Recycling Unit Index 1 | . . . . . . . . . 1 . . . . . . Surveillance Status 1 | . . . . . . . . . 1 . . . . . . Hauler Manifests 2 | . . . . 1 . . . . . . . . . 1 . Registered Components 4 | . . . . 1 1 . . . 1 . . . . . 1 Zone Layout 1 | . . . . . 1 . . . . . . . . . . Fabricator Hacks 2 | . . . . 1 . . . . . . . . . . 1 Network Status 2 | . . . . 1 . . . . . . . . . . 1 Repair Station Hacks . | . . . . . . . . . . . . . . . . Recycling Unit Hacks 7 | . 2 . . . 1 . . . 3 . . . . 1 . Report Inventory 6 | . 1 . . . 1 . . . 3 . . . . 1 . Retrieve Components 1 | . 1 . . . . . . . . . . . . . . Scanalyzer . | . . . . . . . . . . . . . . . . Garrison Access Hacks . | . . . . . . . . . . . . . . . . Unauthorized Hacks 17 | . . . . 2 2 . . 2 6 . . . . 3 2 Terminals 10 | . . . . 2 1 . . 2 2 . . . . 2 1 Assimilate 2 | . . . . 1 . . . . . . . . . 1 . Botnet 8 | . . . . 1 1 . . 2 2 . . . . 1 1 Fabricators 1 | . . . . . . . . . . . . . . . 1 Report 1 | . . . . . . . . . . . . . . . 1 Repair Stations 5 | . . . . . 1 . . . 4 . . . . . . Patch 1 | . . . . . . . . . 1 . . . . . . Recycling Units 1 | . . . . . . . . . . . . . . 1 . Fedlink 5 | . . . . . 1 . . . 3 . . . . 1 . Scanalyzers . | . . . . . . . . . . . . . . . . Garrison Access . | . . . . . . . . . . . . . . . . Data Cores Recovered 1 | . 1 . . . . . . . . . . . . . . Used . | . . . . . . . . . . . . . . . . Hacking Detections 25 | . 2 . . 4 6 2 . 2 6 . . . . 1 2 Full Trace Events 5 | . . . . 1 1 1 . 2 . . . . . . . Feedback Events . | . . . . . . . . . . . . . . . . Feedback Blocked . | . . . . . . . . . . . . . . . . Robot Schematics Acquired . | . . . . . . . . . . . . . . . . Robots Built . | . . . . . . . . . . . . . . . . Authchips . | . . . . . . . . . . . . . . . . Time . | . . . . . . . . . . . . . . . . Total Robot Build Rating . | . . . . . . . . . . . . . . . . Part Schematics Acquired 5 | . . . . 1 . . . . . . . 4 . . . Parts Built . | . . . . . . . . . . . . . . . . Authchips . | . . . . . . . . . . . . . . . . Time . | . . . . . . . . . . . . . . . . Total Part Build Rating . | . . . . . . . . . . . . . . . . Parts Repaired . | . . . . . . . . . . . . . . . . Time . | . . . . . . . . . . . . . . . . Parts Recycled . | . . . . . . . . . . . . . . . . Recycled Matter . | . . . . . . . . . . . . . . . . Retrieved Matter . | . . . . . . . . . . . . . . . . Retrieved Components 2 | . 2 . . . . . . . . . . . . . . Parts Scanalyzed . | . . . . . . . . . . . . . . . . Part Schematics Acquired . | . . . . . . . . . . . . . . . . Parts Damaged . | . . . . . . . . . . . . . . . . Bothacking | -11 -10 -10 -8 -6 -6 -6 -6 -6 -5 -5 -5 -5 -4 -4 -4 ------------ Run | Yrd Mat Sub Scr Fac Ext Cet Arc Hub Fac Upp Upp Zhi Pro Fac Arm Used RIF Installer . | . . . . . . . . . . . . . . . . Robots Hacked . | . . . . . . . . . . . . . . . . Non-combat . | . . . . . . . . . . . . . . . . Combat . | . . . . . . . . . . . . . . . . Robot Hacks Applied . | . . . . . . . . . . . . . . . . Relay Couplers Released . | . . . . . . . . . . . . . . . . Fabnet Peak Effective % . | . . . . . . . . . . . . . . . . Robots Rewired 1 | . . . . . . . . . . . . . 1 . . Allies Hacked . | . . . . . . . . . . . . . . . . Hacks Repelled . | . . . . . . . . . . . . . . . . Allies | -11 -10 -10 -8 -6 -6 -6 -6 -6 -5 -5 -5 -5 -4 -4 -4 -------- Run | Yrd Mat Sub Scr Fac Ext Cet Arc Hub Fac Upp Upp Zhi Pro Fac Arm Total Allies 6 | . . . . 1 3 . . . . . . . 1 1 . Largest Group 2 | . . . . 1 2 1 . . . . . . 1 1 . Highest-Rated Group 67 | . . . . 10 67 67 . . . . . . 46 26 . Highest-Rated Ally 67 | . . . . 10 67 67 . . . . . . 46 26 . Total Orders . | . . . . . . . . . . . . . . . . Ally Attacks 21 | . . . . . 14 4 . . . . . . 3 . . Total Damage 442 | . . . . . 284 60 . . . . . . 98 . . Kills 4 | . . . . . 4 . . . . . . . . . . Allies Corrupted . | . . . . . . . . . . . . . . . . Allies Melted . | . . . . . . . . . . . . . . . . Intel | -11 -10 -10 -8 -6 -6 -6 -6 -6 -5 -5 -5 -5 -4 -4 -4 ------- Run | Yrd Mat Sub Scr Fac Ext Cet Arc Hub Fac Upp Upp Zhi Pro Fac Arm Active Infowar (turns) 6620 | . 849 271 2690 347 232 77 32 156 392 316 309 99 580 130 140 Optics 2670 | . . . . 347 232 77 32 156 392 316 309 99 580 130 . Sensors 2655 | . . . . 342 227 77 32 156 392 316 309 99 575 130 . IFF 616 | . . . . . 12 77 32 111 384 . . . . . . Terrain 4274 | . 849 271 2690 340 124 . . . . . . . . . . Jamming 2 | . . . . . . . . . . . . . . . 2 ECM 1534 | . . . . 2 . . . . . 297 309 83 573 130 140 Robot Analysis Total 4 | . . . . . . . . . . . . 4 . . . Derelict Logs Recovered 5 | . . 1 . . . . . . . 1 2 . 1 . . Drone Launches . | . . . . . . . . . . . . . . . . Drone Recoveries . | . . . . . . . . . . . . . . . . Exploration | -11 -10 -10 -8 -6 -6 -6 -6 -6 -5 -5 -5 -5 -4 -4 -4 ------------- Run | Yrd Mat Sub Scr Fac Ext Cet Arc Hub Fac Upp Upp Zhi Pro Fac Arm Turns Passed 7702 | 88 1238 271 2690 347 232 77 32 156 392 316 309 99 580 247 628 Spaces Moved 7635 | 46 266 136 1818 419 385 164 58 211 497 702 916 211 1257 248 301 Core 177 | 1 . . 50 . . . . 3 . . . 2 . 32 89 Treads 1038 | 45 266 136 468 . . . . . . . . . . . 123 Legs 43 | . . . . . . . . . . . . . . . 43 Wheels 1300 | . . . 1300 . . . . . . . . . . . . Hover 48 | . . . . . . . . . . . . 2 . . 46 Flight 5029 | . . . . 419 385 164 58 208 497 702 916 207 1257 216 . Fastest Speed 28 | 50 160 160 90 40 40 40 40 40 32 32 32 32 28 32 50 Average Speed 71 | 157 160 160 143 49 40 40 40 42 32 32 32 40 32 36 114 Slowest Speed 1000 | 160 160 160 1000 80 40 40 40 300 32 32 32 550 110 50 250 Overloaded Moves 49 | . . . . . . . . . . . . . 49 . . Propulsion Burnouts . | . . . . . . . . . . . . . . . . Robots Hopped 33 | . . . . 3 8 6 5 2 . 3 2 . 2 2 . Potential Cave-ins 44 | . 1 . . . 8 . . . . . . . . 30 5 Cave-ins Triggered 3 | . . . . . 1 . . . . . . . . 2 . Teleports 1 | . . . . . . . . . . . . 1 . . . Exploration Rate (%) 50 | 4 43 19 95 11 69 82 83 32 16 84 86 63 98 10 16 Regions Visited 15 Branch Regions 11 Pre-discovered Areas 3 | . . 1 . . . . . . 1 . . . 1 . . Known Exits Taken 11 | . . . . 1 1 1 1 1 1 1 1 1 1 1 . Unknown Exits Taken 4 | 1 1 1 1 . . . . . . . . . . . . Scrap Searched 20 | . . . 8 . . . . . . 4 3 . 5 . . Spaces Dug 113 | . 22 . . 10 10 . 1 5 20 . . . 6 38 1 Terrain Destroyed 252 | . 32 60 . 10 42 5 5 19 20 . . . 12 38 9 Melee 91 | . . . . 10 10 . 1 5 20 . . . 6 38 1 Projectile 18 | . . . . . . 5 . . . . . . 6 . 7 AOE 143 | . 32 60 . . 32 . 4 14 . . . . . . 1 Terrain Rammed . | . . . . . . . . . . . . . . . . Walls Destroyed . | . . . . . . . . . . . . . . . . Machines Disabled . | . . . . . . . . . . . . . . . . Actions | -11 -10 -10 -8 -6 -6 -6 -6 -6 -5 -5 -5 -5 -4 -4 -4 --------- Run | Yrd Mat Sub Scr Fac Ext Cet Arc Hub Fac Upp Upp Zhi Pro Fac Arm Total 9375 | 57 1003 159 1907 537 428 167 56 257 684 789 929 222 1405 329 446 Wait 1273 | 1 684 4 31 75 26 7 . 34 153 89 8 . 123 33 5 Move 7554 | 45 265 135 1817 412 367 153 47 206 496 696 911 210 1252 241 301 Hop 30 | . . . . 3 8 4 5 2 . 2 2 . 2 2 . Pick Up 46 | 4 4 2 21 1 2 . . 2 2 1 3 . . 2 2 Fast Attach 66 | 6 1 . 6 6 5 . . 1 5 . . 6 2 1 27 Attach 27 | . . 1 3 11 . . . . 3 1 . . . 3 5 Detach 20 | . . . 6 6 1 . . . 1 . . . . 4 2 Swap 17 | . 2 . 3 2 2 . 1 . . . . 2 2 . 3 Drop 51 | . 1 . 20 10 2 . . 2 2 . 4 4 2 3 1 Fire 172 | 1 42 17 . . 3 3 2 2 . . . . 11 . 91 Melee 111 | . . . . 11 11 . 1 8 22 . 1 . 11 38 8 Ram . | . . . . . . . . . . . . . . . . Kick . | . . . . . . . . . . . . . . . . Crush 5 | . 4 . . . . . . . . . . . . . 1 Escape Stasis 3 | . . . . . 1 . . . . . . . . 2 . Rewire . | . . . . . . . . . . . . . . . . Trap . | . . . . . . . . . . . . . . . . Miscellaneous . | . . . . . . . . . . . . . . . . Route ------- -11/Scrapyard -10/Materials -10/Subcaves -8/Scraptown (discovered 2 exits: *Fac x2) -6/Factory (discovered 4 exits: Low x2 / *Ext x2) -6/Extension (discovered 2 exits: *Fac / *Cet) -6/Cetus (discovered 2 exits: *Fac / *Arc) -6/Archives (discovered 2 exits: *Fac / *Hub) -6/Hub_04(d) -5/Factory (discovered 6 exits: Fac x4 / *Upp x2) -5/Upper Caves -5/Upper Caves (discovered 2 exits: *Fac / *Zhi) -5/Zhirov -4/Proximity Caves -4/Factory (discovered 4 exits: *Res x3 / *Arm) -4/Armory History --------- Turn | Location | Event 32 | -11/Scrapyard | Discovered new exit (range 15) 89 | -11/Scrapyard | Entered Materials 305 | -10/Materials | Build established: Mutant 967 | -10/Materials | Discovered new exit (range 5) 1327 | -10/Materials | Entered Subcaves 1328 | -10/Subcaves | Approached by a straggling Scientist 1337 | -10/Subcaves | Ambushed by Subdwellers from Twisted Machinery 1429 | -10/Subcaves | Visited Clippyterm 1434 | -10/Subcaves | Learned location of Deep Caves (-6) 1475 | -10/Subcaves | Shifting Twisted Machinery released Battle Rifle 1536 | -10/Subcaves | A Subdweller sparked back to life 1536 | -10/Subcaves | A Subdweller sparked back to life 1536 | -10/Subcaves | A Subdweller sparked back to life 1542 | -10/Subcaves | Core integrity fell below 50% 1551 | -10/Subcaves | Core integrity fell below 20% 1565 | -10/Subcaves | Found Prototype Flight Unit 1583 | -10/Subcaves | Scientist uncovered a shortcut to Scraptown 1598 | -10/Subcaves | Entered Scraptown 1710 | -8/Scraptown | Heard Great Nut preacher, LISTEN AND RECITE! 1878 | -8/Scraptown | Visited UFD Registry 1880 | -8/Scraptown | Registered with UFD as "Gravslicer" 1905 | -8/Scraptown | Visited Cave Peace 1929 | -8/Scraptown | Visited IN-MT5's Study 2045 | -8/Scraptown | Discovered new exit (range 7) 2438 | -8/Scraptown | Visited Spacefarers 2492 | -8/Scraptown | Visited Cyclists 2502 | -8/Scraptown | Entered Cyclist Reading Room 2522 | -8/Scraptown | Visited The Evicted 2547 | -8/Scraptown | Visited Symbiants 2568 | -8/Scraptown | Visited Comm Corps 2866 | -8/Scraptown | Visited Modified Component R&D 2947 | -8/Scraptown | Visited Botcube Research 2965 | -8/Scraptown | Found Lrg. Botcube 3019 | -8/Scraptown | Visited Junk Repository 3087 | -8/Scraptown | Visited Junk Repository 3125 | -8/Scraptown | Visited Infowarlord's Domain 3156 | -8/Scraptown | Visited DA-N13 Charitable Foundation 3167 | -8/Scraptown | Found DCF Scrap (28 items) 3184 | -8/Scraptown | Visited Observation Area 3219 | -8/Scraptown | Visited Chapter 10 3256 | -8/Scraptown | Visited Scrap Suit Storage 3355 | -8/Scraptown | Visited A0-MCA Data Center 3361 | -8/Scraptown | Given a B rating by A0-MCA 3365 | -8/Scraptown | Found A0-MCA's Component Scanner 3823 | -8/Scraptown | Discovered new exit (range 3) 3905 | -8/Scraptown | Found Exp. Sensor Array 4166 | -8/Scraptown | Met Optimus 4166 | -8/Scraptown | Accepted into 0bPrime 4288 | -8/Scraptown | Entered Factory 4288 | -6/Factory | Evolved 8 slots: Power x1, Propulsion x2, Utility x5 4292 | -6/Factory | Identified Flightbrick 4293 | -6/Factory | Attached Flightbrick, gained temporary slots: Utility x3 4509 | -6/Factory | Identified exit to Lower Caves 4509 | -6/Factory | Identified exit to Extension 4635 | -6/Factory | Entered Extension 4653 | -6/Extension | Rescued a captive Derelict 4654 | -6/Extension | Rescued a captive Derelict 4683 | -6/Extension | Energy Cycler disabled 4683 | -6/Extension | Rescued a captive Derelict 4684 | -6/Extension | Rescued a captive Derelict 4685 | -6/Extension | Rescued a captive Derelict 4738 | -6/Extension | Spotted B-75 Beast 4759 | -6/Extension | Crushed by falling debris 4778 | -6/Extension | Loaded intel: 1 recycling unit location 4779 | -6/Extension | Spotted B-75 Beast 4844 | -6/Extension | Discovered new exit (range 12) 4845 | -6/Extension | Discovered new exit (range 8) 4848 | -6/Extension | Lrg. Botcube activated 4850 | -6/Extension | Extracted ID and sensor layout for unrecognized location from A7's data core 4863 | -6/Extension | Identified exit to Factory 4864 | -6/Extension | Identified exit to Cetus 4866 | -6/Extension | Lrg. Botcube completed mutation into wheeled form, armed with 1 gun, 1 cannon, 1 melee weapon. 4867 | -6/Extension | Entered Cetus 4867 | -6/Cetus | Accompanied by 1 ally 4874 | -6/Cetus | Spotted Cetus Guard 4874 | -6/Cetus | Spotted Cetus Guard 4874 | -6/Cetus | Spotted Cetus Guard 4874 | -6/Cetus | Spotted Cetus Guard 4892 | -6/Cetus | Discovered exit to Factory (range 22) 4925 | -6/Cetus | Build established: Hacker-Scout 4936 | -6/Cetus | Discovered new exit (range 21) 4944 | -6/Cetus | Identified exit to Archives 4944 | -6/Cetus | Entered Archives 4964 | -6/Archives | Unable to access archive contents 4968 | -6/Archives | Discovered exit to Factory (range 16) 4971 | -6/Archives | Discovered new exit (range 12) 4975 | -6/Archives | Identified exit to Hub_04(d) 4976 | -6/Archives | Entered Hub_04(d) 5114 | -6/Hub_04(d) | Discovered exit to Factory (range 11) 5118 | -6/Hub_04(d) | Network Hub disabled 5132 | -6/Hub_04(d) | Entered Factory 5132 | -5/Factory | Evolved 2 slots: Propulsion x2 5137 | -5/Factory | Loaded intel: 8 recycling unit locations 5137 | -5/Factory | Learned location of Protoforge (-2) 5185 | -5/Factory | Identified exit to Factory 5406 | -5/Factory | Identified exit to Upper Caves 5524 | -5/Factory | Entered Upper Caves 5587 | -5/Upper Caves | Spotted B-75 Beast 5671 | -5/Upper Caves | Learned Factory stockpile data 5715 | -5/Upper Caves | Discovered new exit (range 10) 5718 | -5/Upper Caves | Identified exit to Upper Caves 5840 | -5/Upper Caves | Entered another Upper Caves area 5849 | -5/Upper Caves | Build established: Hacker-Ninja 5902 | -5/Upper Caves | Discovered exit to Factory (range 9) 6080 | -5/Upper Caves | Learned location of 1 exit from Factory 6085 | -5/Upper Caves | Discovered new exit (range 20) 6091 | -5/Upper Caves | Identified exit to Zhirov 6112 | -5/Upper Caves | Learned 8 Factory zone layouts 6117 | -5/Upper Caves | Acquired the password to a Derelict Tinkerer's latest research 6128 | -5/Upper Caves | Found Molecular Deconstructor 6149 | -5/Upper Caves | Entered Zhirov 6149 | -5/Zhirov | Discovered new exit (range 3) 6150 | -5/Zhirov | Identified exit to Proximity Caves 6155 | -5/Zhirov | Met Zhirov 6169 | -5/Zhirov | Zhirov requested help retrieving the SGEMP Prototype 6176 | -5/Zhirov | Found Alien Artifact 6176 | -5/Zhirov | Identified Transdimensional Reconstructor 6176 | -5/Zhirov | Warped through subspace 6232 | -5/Zhirov | Found Alien Artifact 6232 | -5/Zhirov | Identified Integrated Dissipator 6232 | -5/Zhirov | Installed Integrated Dissipator, increased core heat dissipation (+20) 6248 | -5/Zhirov | Entered Proximity Caves 6312 | -4/Proximity Caves | Spotter reported a threat 6321 | -4/Proximity Caves | Learned location of Quarantine (-3) 6371 | -4/Proximity Caves | Spotter reported a threat 6446 | -4/Proximity Caves | Spotter reported a threat 6528 | -4/Proximity Caves | Attracted the attention of an 0b10 checkpoint 6537 | -4/Proximity Caves | Spotter reported a threat 6628 | -4/Proximity Caves | Spotter reported a threat 6694 | -4/Proximity Caves | Attacked by a faux Warlord 6817 | -4/Proximity Caves | Discovered exit to Factory (range 16) 6825 | -4/Proximity Caves | Attracted the attention of an 0b10 outpost 6828 | -4/Proximity Caves | Entered Factory 6828 | -4/Factory | Evolved 2 slots: Power x1, Utility x1 6829 | -4/Factory | Identified exit to Armory 6830 | -4/Factory | Identified exit to Research 6864 | -4/Factory | Loaded intel: 8 recycling unit locations 6880 | -4/Factory | Discovered exit to Research (range 18) 6993 | -4/Factory | Lost 3 parts (1p1n1w) 7012 | -4/Factory | Crushed by falling debris 7015 | -4/Factory | Crushed by falling debris 7075 | -4/Factory | Entered Armory 7090 | -4/Armory | Lost 5 parts (3n1u1w) 7114 | -4/Armory | Core integrity fell below 50% 7150 | -4/Armory | Found Tesla Bomb Launcher 7178 | -4/Armory | System corruption reached 10% 7431 | -4/Armory | Lost 5 parts (1p3n1u) 7574 | -4/Armory | Core integrity fell below 20% 7591 | -4/Armory | Lost 3 parts (1p1n1u) 7703 | -4/Armory | Destroyed by H-71 Marshal with Heavy Mass Driver Last Messages --------------- Imp. Target Analyzer destroyed. Critical hit (Blast). Knocked back. Slug penetrates Wall. Knocked back. Slug penetrates H-71 Marshal. Mic. Fission Core destroyed. Knocked back. Acquired 1 matter. Slug penetrates Wall. Slug penetrates H-71 Marshal. Knocked back. System corrupted: Heat flow error (+263). Slug penetrates Wall. Penetrated by Slug. Knocked back. Acquired 2 matter. Slug penetrates H-71 Marshal. Flexi-carbon Leg destroyed. KE Penetrator destroyed. Map ----- +----------------------------------------------------+ | ?????????????????????????????????????????????????? | | ?????????????????????????????????????????????????? | | ?????????????????????????????????????????????????? | | ?????????????????????????????????????????????????? | | ?????????????????????????????????????????????????? | | ?????????????????????????????????????????????????? | | ?????????????????????????????????????????????????? | | ?????????????????????????????????????????????????? | | ?????????????????????????????????????????????????? | | ?????????????????????????????????????????????????? | | ?????????????????????????????????????????????????? | | ?????????????????????????????########????????????? | | ?????????????????????????????# #????+#??????? | | ?????????????????????????????# """" #### ###???? | | ?????????????????#+#?????????# """" " | | ???????? ????????# ?????????# """" # ## ###???# | | ???????? ???????# ?????????# """" # #?????###### | | ??????? ####### #######??# # #?????# | | ??????? #??######## #?????# " | | ??????? #+#?#######+#####?# | | ?????? ! # ?""" ##!| ### | | ??????# *% ;?""T" ## ## | | ??????# # ## ## | | ??????# % # ?# [ " [ | | ??????# * % ;%######## ### !%* | | ??????# H / @ ! ;%[ ! #?# ! | | ????????##/#####;;#;########################### ! | | ??????????????????##???????????????????????# # !% | | ???????????????????????????????????????????#### [ | | ????????????????????????????????????????????## | | ???????????=????????????????????????????????# | | ????????????????????????????????????????????# # | | ????????????????????????????????????????????# # | | ????????????????????????????????????????????# # | | ????????????????????????????????????????????### | | ?????????????????????????????????????????????### | | ???????????????????????????????????????????????# | | ???????????????????????????????????????????????# | | ???????????????????????????????????????????????# | | ???????????????????????????????????????????????### | | ?????????????????????????????????????????????????? | | ?????????????????????????????????????????????????? | | ?????????????????????????????????????????????????? | | ?????????????????????????????????????????????????? | | ?????????????????????????????????????????????????? | | ?????????????????????????????????????????????????? | | ????????????????????????????????????????????###### | | ????????????????????????????????????????????# ! | | ????????????????????????????????????????????# T | | ????????????????????????????????????????????# | +----------------------------------------------------+ Best States ------------- Heat Dissipation 77 Coolant Potential 65 Energy Generation 32 Energy Capacity 315 Matter Stores 300 Matter Capacity 300 Sight Range 22 Robot Scan Range 20 Terrain Scan Range 16 Terrain Scan Density 210 ECM Strength 2 Power Amplification 20 Point Defense Rating 160 Phase Shifting 5 Evasion (%) 68 Targeting Accuracy 12 Melee Accuracy 6 Target Analysis 6 Recoil Reduction 3 Offensive Hacking 22 Defensive Hacking 10 Item Schematics ----------------- Hacking Suite | -6/Factory | Hacked Assault Drone Bay | -5/Zhirov | Free Exp. Heat Sink | -5/Zhirov | Free Exp. Optical Array | -5/Zhirov | Free Imp. Arc Thrower | -5/Zhirov | Free Robot Schematics ------------------ None Fabricated ------------ Nothing Repaired ---------- Nothing Alien Tech Used ----------------- Transdimensional Reconstructor Integrated Dissipator Achievements -------------- The Science Guy Challenges ------------ None Game ------ Seed SuspensionDiametricActivator Manual? 0 Play Time 02:36:05 Cumulative 70.9 hours Start 2025.05.08 @ 22:57:53 End 2025.05.10 @ 22:24:45 Sessions 3 Manual Loads 0 Difficulty Rogue Special Mode None Game No. 66 Rogue 66 Adventurer 0 Explorer 0 Win Type - Total 1 Types 1/0/0/0/0/0/0/0/0/0 Lore% 44 Gallery% 46 Achievement% 42 Wizard Run 0 Options --------- Layout 1 ASCII 0 Keyboard 1 Movement Numpad Keybinds 0 Fullscreen 1 Font 32/SmallcapsGlow Map View 50x35 Zoom Use 0% Tactical HUD 0 Map Filters NONE Filters NONE Steam 1 RUN: dd5f6db4-d80f-4e87-9f16-83b851c094b8